 Dungeon Crawl Stone Soup version 0.30-a0-358-g0d69a1922f (webtiles) character file.

Game seed: 11500225587744112794

76 lunkers the Grasshopper (level 4, 0/38 HPs)
             Began as an Armataur Warper on Nov 10, 2022.
             Succumbed to a scorpion's poison
             ... on level 3 of the Dungeon.
             The game lasted 00:01:45 (1696 turns).

lunkers the Grasshopper (Armataur Warper)           Turns: 1696, Time: 00:01:46

Health: 0/38       AC:  4    Str: 17    XL:     4   Next: 12%
Magic:  6/6        EV:  9    Int: 13    God:
Gold:   131        SH:  0    Dex: 11    Spells: 6/6 levels left

rFire   . . .      SeeInvis .    b - +1 long sword (elec)
rCold   . . .      Faith    .    (no shield)
rNeg    . . .      Spirit   .    g - +0 leather armour
rPois   .          Reflect  .    (no helmet)
rElec   .          Harm     .    (no cloak)
rCorr   .          Roll     +    (no gloves)
Will    .....                    (no barding)
Stlth   +.........               (no amulet)
HPRegen 0.26/turn                (no ring)
MPRegen 0.10/turn                (no ring)

@: lethally poisoned (0 -> -5)
A: large, rugged brown scales 3, deformed body, armoured tail, roll, long
tongue, awkward tongue
a: no special abilities


You were on level 3 of the Dungeon.
You visited 1 branch of the dungeon, and saw 3 of its levels.

You collected 131 gold pieces.

Inventory:

Hand Weapons
 a - a +0 short sword
 b - a +1 long sword of electrocution (weapon)
Missiles
 d - 7 boomerangs of dispersal
Armour
 g - a +0 leather armour (worn)
 o - a +0 kite shield
Scrolls
 c - 2 scrolls of blinking
 f - a scroll of torment {unknown}
 h - a scroll of fog {unknown}
 n - a scroll of enchant armour {unknown}
Potions
 e - 2 potions of curing
 i - a potion of attraction {unknown}
 j - a potion of lignification {unknown}
 k - 2 potions of haste
 l - a potion of degeneration {unknown}


   Skills:
 - Level 1.7 Fighting
 - Level 2.5(3.2) Short Blades
 + Level 2.9(3.3) Long Blades
 - Level 0.8 Throwing
 - Level 1.2 Armour
 - Level 1.3 Dodging
 - Level 1.7 Spellcasting
 - Level 3.0 Translocations


You had 6 spell levels left.
You didn't know any spells.
Your spell library contained the following spells:

 Spells                   Type           Power      Damage    Failure   Level
 Blink                    Tloc           16%        N/A       14%         2
 Lesser Beckoning         Tloc           16%        N/A       26%         3
 Teleport Other           Tloc           8%         N/A       26%         3
 Magic Dart               Conj           4%         1d3       30%         1
 Shock                    Conj/Air       4%         1d3       30%         1
 Summon Small Mammal      Summ           4%         N/A       30%         1
 Call Imp                 Summ           1%         N/A       43%         2
 Sublimation of Blood     Necr           1%         N/A       43%         2
 Wereblood                Tmut           1%         N/A       43%         2
 Vhi's Electric Charge    Tloc/Air       10%        N/A       45%         3
 Manifold Assault         Tloc           8%         N/A       65%         4
 Call Canine Familiar     Summ           1%         N/A       67%         3
 Mephitic Cloud           Conj/Pois/Air  1%         N/A       67%         3
 Summon Guardian Golem    Hex/Summ       1%         N/A       67%         3
 Swiftness                Air            1%         N/A       67%         3
 Airstrike                Air            0%         2d(1-17)  97%         4
 Summon Hydra             Summ           0%         N/A       100%        7
 Borgnjor's Revivificati  Necr           0%         N/A       100%        8
 Necromutation            Tmut/Necr      0%         N/A       100%        8
 Death's Door             Necr           0%         N/A       100%        9


Dungeon Overview and Level Annotations

Branches:
Dungeon (3/15)

Altars:


Innate Abilities, Weirdness & Mutations

You are completely covered in rugged brown scales. (AC +3, +7% HP)
Armour fits poorly on your strangely shaped body.
You have a long armoured tail.
You roll when moving toward enemies. (Rampage)
Your long tongue fully drains potion bottles. (2x potion effects)
Your tongue gives you trouble enunciating. (1.5x scroll delay)


Message History

The scorpion stings you. x2
You closely miss the scorpion.
The scorpion is moderately wounded.
The endoplasm completely misses you. The scorpion stings you.
The endoplasm closely misses you.
You barely miss the scorpion.
The scorpion is moderately wounded.
The scorpion stings you.
The scorpion stings you but does no damage.
The endoplasm freezes you.
You are frozen.
* * * LOW HITPOINT WARNING * * *
You closely miss the scorpion.
The scorpion is moderately wounded.
The scorpion stings you but does no damage.
The endoplasm barely misses you.
Unknown command.
You barely miss the scorpion.
The scorpion is moderately wounded.
The scorpion stings you.
* * * LOW HITPOINT WARNING * * *
You are poisoned.
The scorpion poisons you! The endoplasm freezes you.
You are frozen.
* * * LOW HITPOINT WARNING * * *
The scorpion stings you.
* * * LOW HITPOINT WARNING * * *
You barely miss the scorpion.
The scorpion is moderately wounded.
* * * LOW HITPOINT WARNING * * *
You feel very sick. The endoplasm freezes you.
You are frozen.
* * * LOW HITPOINT WARNING * * *
The scorpion barely misses you. The endoplasm hits you.
* * * LOW HITPOINT WARNING * * *
You closely miss the scorpion.
Your tail-slap misses the scorpion.
The scorpion is moderately wounded.
You die...

#.##### ## #.# ##.#
####.#
##...####...[###
...............#
.:.....##...##.#
.......##.####.#
......J...####.#
.....>s@....<..######
..........$.........#
..............#####.#
.............†#
..............#
........#.....#
##......#.....#
####...#.....#
#...#.....#


You could see a scorpion and an endoplasm.

Vanquished Creatures
  Terence (D:2)
  2 adders (D:2)
  2 worms
  4 endoplasms
  A goblin (D:2)
  A hobgoblin (D:2)
  4 jackals (D:1)
  A quokka (D:1)
  3 ball pythons
  3 bats (D:1)
  2 frilled lizards
  2 kobolds
  A rat (D:1)
27 creatures vanquished.

Notes
Turn   | Place    | Note
-------+----------+-------------------------------------------
     0 | D:1      | lunkers the Armataur Warper began the quest for the Orb.
     0 | D:1      | Reached XP level 1. HP: 18/18 MP: 3/3
   218 | D:1      | Reached XP level 2. HP: 25/25 MP: 4/4
   924 | D:2      | Reached skill level 1 in Long Blades
  1008 | D:2      | Reached XP level 3. HP: 31/31 MP: 5/5
  1368 | D:2      | Noticed Terence
  1375 | D:2      | Killed Terence
  1491 | D:2      | Reached XP level 4. HP: 38/38 MP: 6/6
  1686 | D:3      | Noticed a scorpion
  1696 | D:3      | Succumbed to a scorpion's poison

Illustrated notes

Levels and vault maps discovered:
D:1:      dpeg_arrival_brainrot, layout_basic
D:2:      layout_basic, serial_glass, glass_columns_c, glass_columns_a,
          due_unseen_surprise, uniq_terence
D:3:      minmay_inner_zag, layout_basic, serial_shops,
          nicolae_shop_advertising_works [nicolae_subvault_shop_adworks]

Skill      XL: |  1  2  3 |
---------------+----------+-----
Short Blades   | 2 |  2.5
Long Blades    | 1 2 |  2.9
Fighting       | |  1.7
Throwing       | |  0.8
Armour         | |  1.2
Dodging        | |  1.3
Spellcasting   | |  1.7
Translocations | |  3.0

Action                   |  1- 3 |  4- 6 || total
-------------------------+-------+-------++-------
Melee: Short sword       |    51 |       ||    51
       Tailslap          |     8 |       ||     8
       Long sword        |    37 |    20 ||    57
       Punch             |       |     1 ||     1
  Use: Scroll            |     2 |       ||     2
Armor: Leather armour    |    35 |     6 ||    41
Dodge: Dodged            |    35 |     9 ||    44

Table legend: (Time is in decaauts)
 A = Elapsed time spent in this place.
 B = Non-inter-level travel time spent in this place.
 C = Inter-level travel time spent in this place.
 D = Time resting spent in this place.
 E = Time spent auto-exploring this place.
 F = Levels seen in this place.
 G = Mean time per level.
                   A        B        C        D        E       F      G
               +--------+--------+--------+--------+--------+-----+--------+
         Total |   1705 |   1660 |     45 |      0 |   1431 |   3 |  568.3 |
       Dungeon |   1705 |   1660 |     45 |      0 |   1431 |   3 |  568.3 |
               +--------+--------+--------+--------+--------+-----+--------+

Top non-repeatable levels by time:
     D:1: 907 daAuts
     D:2: 725 daAuts
     D:3: 73 daAuts
